 Dungeon Crawl Stone Soup version 0.30.1-9-gdf580d7c3d (webtiles) character file.

Game seed: 11117393362126326037

95 Peloso the Covered (level 4, -9/40 HPs)
             Began as a Minotaur Fighter on Sept 29, 2023.
             Mangled by Sigmund
             ... wielding a +0 scythe
              (10 damage)
             ... on level 2 of the Dungeon.
             The game lasted 00:02:27 (1669 turns).

Peloso the Covered (Minotaur Fighter)               Turns: 1669, Time: 00:02:28

Health: -9/40      AC:  0    Str: 21    XL:     4   Next: 39%
Magic:  3/3        EV: 13    Int:  5    God:
Gold:   126        SH:  0    Dex: 11    Spells: 3/3 levels left

rFire   . . .        a - melded +0 long sword
rCold   . . .        c - melded +0 buckler
rNeg    . . .        b - melded +0 scale mail
rPois   .            (helmet currently unavailable)
rElec   .            (cloak currently unavailable)
rCorr   .            (gloves currently unavailable)
SInv    .            (boots currently unavailable)
Will    .....        (no amulet)
Stlth   +            (ring currently unavailable)
HPRegen 0.26/turn    (ring currently unavailable)
MPRegen 0.08/turn

%: no passive effects
@: pig-form (expiring), very quick
A: fast, no casting, small, (horns 2), (retaliatory headbutt)
a: no special abilities


You were on level 2 of the Dungeon.
You were a filthy swine.
You visited 1 branch of the dungeon, and saw 4 of its levels.

You collected 126 gold pieces.

Inventory:

Hand Weapons
 a - a +0 long sword (melded)
Armour
 b - a +0 scale mail (melded)
 c - a +0 buckler (melded)
Jewellery
 k - a ring of flight
 p - a ring of wizardry
Scrolls
 e - a scroll of blinking {unknown}
 f - a scroll of identify {unknown}
 g - 2 scrolls of magic mapping {unknown}
 h - a scroll of torment {unknown}
 i - 3 scrolls of poison {unknown}
 m - a scroll of silence {unknown}
 o - 2 scrolls of fear {unknown}
Potions
 d - a potion of might
 j - a potion of heal wounds {unknown}


   Skills:
 + Level 4.2 Fighting
 + Level 4.1 Long Blades
 + Level 4.5 Armour
 + Level 0.2 Dodging
 + Level 4.0 Shields


You had 3 spell levels left.
You didn't know any spells.
Your spell library was empty.

Dungeon Overview and Level Annotations

Branches:
Dungeon (4/15)
 Temple: D:4-7

Altars:

Shops:
D:1 ?

Annotations:
D:2 Sigmund


Innate Abilities, Weirdness & Mutations

You are a filthy swine.
You move quickly.
Your equipment is almost entirely melded.
You are incapable of wielding weapons or throwing items.
You cannot cast spells.
((You have a pair of horns on your head.))
((You reflexively headbutt those who attack you in melee.))


Message History

You closely miss Sigmund.
Sigmund is heavily wounded.
Sigmund hits you with a +0 scythe.
You closely miss Sigmund.
Sigmund is heavily wounded.
You feel less confused.
You hit Sigmund.
Sigmund is severely wounded.
Sigmund barely misses you.
You barely miss Sigmund.
Sigmund is severely wounded.
You hit Sigmund.
Sigmund is severely wounded.
Sigmund closely misses you.
You closely miss Sigmund.
Sigmund is severely wounded.
Sigmund casts a spell at you.
You are confused.
Sigmund screams, "Die, monster!"
Sigmund closely misses you.
Sigmund gestures wildly while chanting.
Sigmund flickers and vanishes!
Deactivating autopickup; reactivate with Ctrl-A.
Something hits you.
Your transformation is almost over.
Something hits you!
You feel less confused. Something hits you.
You closely miss something. You hit something.
You hear some strange, mumbled words.
A magic dart appears from out of thin air!
The magic dart hits you!
You barely miss something.
You hear some strange, mumbled words.
A puff of flame appears from out of thin air!
The puff of flame hits you!
* * * LOW HITPOINT WARNING * * *
You barely miss something. Something hits you!
You die...

.#[#.....#.#......)...#
###..###...#######.#
#.## ##......# #.#
#.###..###...###.# #.#
#.....#.#.##.###.###.#
#######..###.....>.(.#
##'## #####.#####
##...## #.# ##..h..##
#.## ##...{...## #..##
###.
#.......).####...####
....
+........:+.........##
###.
#.......$.####........
##.......## ##..##.##
##.....## ##.##.#
##..>## #.##.# ##+##
#..†.#


There were no monsters in sight!

Vanquished Creatures
  Natasha (D:2)
  3 adders (D:2)
  2 dart slugs (D:2)
  6 ball pythons
  2 giant cockroaches (D:2)
  2 goblins (D:1)
  5 hobgoblins
  4 jackals (D:1)
  3 quokkas
  4 frilled lizards
  3 kobolds
  4 rats
39 creatures vanquished.

Notes
Turn   | Place    | Note
-------+----------+-------------------------------------------
     0 | D:1      | Peloso the Minotaur Fighter began the quest for the Orb.
     0 | D:1      | Reached XP level 1. HP: 19/19 MP: 0/0
    56 | D:1      | Found Dygudgh's Magic Scroll Emporium.
   284 | D:1      | Reached XP level 2. HP: 27/27 MP: 1/1
   819 | D:2      | Reached XP level 3. HP: 33/33 MP: 2/2
  1406 | D:2      | You fall into a shaft and drop 2 floors!
  1473 | D:2      | Noticed Natasha
  1485 | D:2      | Reached XP level 4. HP: 13/40 MP: 3/3
  1488 | D:2      | Killed Natasha
  1642 | D:2      | Noticed Sigmund
  1668 | D:2      | HP: 1/40 [something/puff of flame (12)]
  1669 | D:2      | Mangled by Sigmund

Illustrated notes

Levels and vault maps discovered:
D:1:      scummos_arrival_checkerplants, layout_basic, serial_shops, shop,
          minmay_stone_trees_medium
D:2:      layout_loops_corners, uniq_sigmund, uniq_natasha, uniq_robin
D:3:      layout_rooms, nemelex_xobeh_ov_fountains_minmay, serial_shops, shop,
          kennysheep_generic_room_6
D:4:      layout_cave_pools, gammafunk_ghost_abyssal_escape, minmay_crossroads,
          uniq_menkaure

Skill      XL: |  1  2  3  4 |
---------------+-------------+-----
Armour         | 4 |  4.5
Fighting       | 4 |  4.2
Long Blades    | 3 4 |  4.1
Shields        | 4 |  4.0
Dodging        | |  0.2

Action                     |  1- 3 |  4- 6 || total
---------------------------+-------+-------++-------
  Melee: Long sword        |   102 |     5 ||   107
         Headbutt          |    18 |     4 ||    22
         Unarmed           |       |    11 ||    11
    Use: Potion            |     4 |       ||     4
 Armour: Scale mail        |    59 |     4 ||    63
  Dodge: Dodged            |    44 |     9 ||    53
  Block: Buckler           |    23 |     1 ||    24
